 Dungeon Crawl Stone Soup version 0.20.0-4-g10b340a (webtiles) character file.

103 Stendarr the Gusty (level 4, -1/24 HPs)
             Began as a Tengu Air Elementalist on May 27, 2017.
             Slain by an adder (2 damage)
             ... on level 3 of the Dungeon.
             The game lasted 00:04:02 (1961 turns).

Stendarr the Gusty (Tengu Air Elementalist)         Turns: 1961, Time: 00:04:03

Health: -1/24      AC:  4    Str: 11    XL:     4   Next: 79%
Magic:  8/8        EV: 15    Int: 15    God:
Gold:   142        SH:  0    Dex: 15    Spells: 2/8 levels left

rFire    + . .     SeeInvis .   i - +1 whip (venom)
rCold    . . .     Gourm    .   (no shield)
rNeg     . . .     Faith    +   a - +0 robe
rPois    .         Spirit   .   (helmet restricted)
rElec    .         Reflect  .   s - +0 cloak
rCorr    .         Harm     .   p - +0 pair of gloves
MR       .....                  (boots unavailable)
Stlth    ++........             u - amulet of faith
Regen    0.1/turn               d - ring of protection from fire
MPRegen  0.2/turn               (no ring)

@: flying quickly and evasively, quick
A: beak, horns 1, talons 3, strong 1, evolution 2
a: no special abilities


You were on level 3 of the Dungeon.
You were hungry.

You visited 1 branch of the dungeon, and saw 3 of its levels.

You collected 142 gold pieces.

Inventory:

Hand Weapons
 i - a +1 whip of venom (weapon)
Missiles
 r - 5 poisoned needles
Armour
 a - a +0 robe (worn)
 p - a +0 pair of gloves (worn)
 s - a +0 cloak (worn)
Jewellery
 d - a ring of protection from fire (left hand)
 u - an amulet of faith (around neck)
Scrolls
 j - a scroll of noise {unknown}
 m - a scroll of identify {unknown}
 n - a scroll of remove curse {unknown}
 o - a scroll of recharging {unknown}
Potions
 e - a potion of lignification {unknown}
 g - a potion of flight
 h - a potion of invisibility {unknown}
 k - a potion of berserk rage {unknown}
 l - a potion of mutation
 t - a potion of degeneration {unknown}
Books
 b - a book of Air

   Spells                             Type                      Level
   a - Shock                          Conjuration/Air              1
   b - Swiftness                      Charms/Air                   2
   c - Static Discharge               Conjuration/Air              3
   d - Airstrike                      Air                          4
   e - Lightning Bolt                 Conjuration/Air              5
Comestibles
 c - 3 bread rations
 f - a royal jelly


   Skills:
 - Level 2.1 Dodging
 - Level 2.0 Stealth
 + Level 2.6 Spellcasting
 * Level 4.2 Conjurations
 + Level 5.1 Air Magic


You had 2 spell levels left.
You knew the following spells:

 Your Spells              Type           Power        Failure   Level  Hunger
a - Shock                 Conj/Air       ###.         3%          1    #......
b - Swiftness             Chrm/Air       #.......     11%         2    ###....
c - Static Discharge      Conj/Air       ###.....     9%          3    ###....


Dungeon Overview and Level Annotations

Branches:
Dungeon (3/15)

Altars:
Kikubaaqudgha
Makhleb
Sif Muna
Yredelemnul

Annotations:
D:2 2 transporters, Menkaure
D:3 Jessica


Innate Abilities, Weirdness & Mutations

You have a beak for a mouth.
You have claws for feet.
You have a pair of small horns on your head.
Your muscles are strong. (Str +2)
You rapidly evolve.


Message History

You hit Jessica.
Jessica is poisoned.
Jessica is lightly wounded.
You kill the orc priest!
Your Conjurations skill increases to level 4!
The adder closely misses you. x2; Jessica closely misses you.
Unknown command.
It was a potion of flight.
You feel very buoyant.
You swoop lightly up into the air.
The adder bites you.
* * * LOW HITPOINT WARNING * * *
An orc comes into view. It is wielding a club.
It was a potion of mutation.
You feel extremely strange.
You feel nature experimenting on you.
Don't worry, failures die fast.
A pair of horns grows on your head!
Your genes go into a fast flux.
You feel stronger.
The orc shouts!
The adder bites you.
* * * LOW HITPOINT WARNING * * *
The adder bites you.
You die...

#...........# #.##...####
......o....# ##############
#.###......###.............
#...#...###...#...#...#
#.......)..............
...###.@[..#...#...#...#
###. ##S###............. #.
#@################ #..##
##...##....#
##..###....##....#
#######.##...####....#
#.......##....# ###.##
#........(..#.#####..# #.
#.........#.#......#.#
#..#........##..#..[....#
...........####...#......


You could see an adder, Jessica and an orc.

Vanquished Creatures
  An orc priest (D:3)
  2 adders (D:2)
  5 worms
  A dart slug (D:1)
  3 leopard geckos
  3 giant cockroaches
  4 goblins
  5 hobgoblins
  2 jackals (D:3)
  2 bats (D:2)
  2 frilled lizards (D:1)
  6 kobolds (D:1)
  2 rats (D:2)
38 creatures vanquished.

Notes
Turn   | Place    | Note
-------+----------+-------------------------------------------
     0 | D:1      | Stendarr the Tengu Air Elementalist began the quest for the Orb.
     0 | D:1      | Reached XP level 1. HP: 10/10 MP: 4/4
    81 | D:1      | Reached XP level 2. HP: 11/15 MP: 6/6
   151 | D:1      | Learned a level 2 spell: Swiftness
   551 | D:2      | Reached XP level 3. HP: 19/19 MP: 3/7
   618 | D:2      | Found a burning altar of Makhleb.
  1042 | D:2      | Reached XP level 4. HP: 20/24 MP: 2/8
  1165 | D:2      | Found a basalt altar of Yredelemnul.
  1165 | D:2      | Found an ancient bone altar of Kikubaaqudgha.
  1166 | D:2      | Noticed Menkaure
  1665 | D:3      | Reached skill level 5 in Air Magic
  1820 | D:3      | Learned a level 3 spell: Static Discharge
  1921 | D:3      | Found a deep blue altar of Sif Muna.
  1941 | D:3      | Noticed Jessica
  1961 | D:3      | Gained mutation: You evolve. [potion of mutation]
  1961 | D:3      | Gained mutation: You have a pair of small horns on your head. [potion of mutation]
  1961 | D:3      | Gained mutation: You rapidly evolve. [potion of mutation]
  1961 | D:3      | Gained mutation: Your muscles are strong. (Str +2) [potion of mutation]
  1961 | D:3      | HP: 1/24 [adder (1)]
  1961 | D:3      | Slain by an adder

Skill      XL: |  1  2  3  4 |
---------------+-------------+-----
Conjurations   | 3 4 |  4.2
Air Magic      | 5 |  5.1
Dodging        | |  2.1
Stealth        | |  2.0
Spellcasting   | |  2.6

Action                   |  1- 3 |  4- 6 || total
-------------------------+-------+-------++-------
Melee: Short sword       |    25 |       ||    25
       Kick              |    15 |     8 ||    23
       Peck              |    12 |     6 ||    18
       Unarmed           |     2 |       ||     2
       Whip              |    26 |    34 ||    60
 Cast: Shock             |    20 |     6 ||    26
  Use: Potion            |       |     2 ||     2
 Stab: Sleeping          |     2 |       ||     2
  Eat: Chunk             |       |     3 ||     3
Armor: Robe              |    11 |     3 ||    14
Dodge: Dodged            |    42 |    26 ||    68
